TOP OF THE 1ST |
---|
West Virginia Power batting - Pitching for Memphis Blues : LHP António Dávila | Pitching: LHP António Dávila | | Batting: RHB Matt Tucker | 0-0: Bunt missed! 0-1: Ground out 5-3 (Groundball, 56) | Batting: RHB Julián Garza | 0-0: Foul Ball, location: 2F 0-1: Called Strike 0-2: Ball 1-2: Ball 2-2: Ball 3-2: Foul Ball, location: 2F 3-2: Foul Ball, location: 2F 3-2: Base on Balls | Batting: RHB Cory Hester | 0-0: Called Strike 0-1: Ball 1-1: Ball 2-1: Called Strike Julián Garza steals 2nd base 2-2: SINGLE (Groundball, 56S) (infield hit) Julián Garza to third | Batting: RHB Joe Salas | 0-0: Swinging Strike 0-1: Ball 1-1: Ball 2-1: Grounds into double play, 1-6-3 (Groundball, 13S) | Top of the 1st over - 0 runs, 1 hit, 0 errors, 1 left on base; West Virginia 0 - Memphis 0 | BOTTOM OF THE 1ST |
---|
Memphis Blues batting - Pitching for West Virginia Power : RHP Luis García | Pitching: RHP Luis García | | Batting: RHB Leopoldo Horgan | 0-0: Foul Ball, location: 2F 0-1: Ball 1-1: Foul Ball, location: 2F 1-2: Ball 2-2: Ball 3-2: Strikes out swinging | Batting: RHB Jesús Sánchez | 0-0: Called Strike 0-1: Ground out 5-3 (Groundball, 56) | Batting: LHB John Foster | 0-0: Ball 1-0: Ball 2-0: Called Strike 2-1: Ball 3-1: Foul Ball, location: 2F 3-2: Base on Balls | Batting: LHB Weston Chaney | 0-0: Fly out, F8 (Line Drive, 78M) | Bottom of the 1st over - 0 runs, 0 hits, 0 errors, 1 left on base; West Virginia 0 - Memphis 0 | TOP OF THE 2ND |
---|
West Virginia Power batting - Pitching for Memphis Blues : LHP António Dávila | Batting: RHB Luis Quezada | 0-0: Ball 1-0: Called Strike 1-1: Swinging Strike 1-2: Ground out U3 (Groundball, 34S) | Batting: RHB Emory Brooks | 0-0: Ball 1-0: Fly out, F8 (Flyball, 89XD) | Batting: RHB Millard Walker | 0-0: Ball 1-0: Called Strike 1-1: Called Strike 1-2: Ball 2-2: Strikes out looking | Top of the 2nd over - 0 runs, 0 hits, 0 errors, 0 left on base; West Virginia 0 - Memphis 0 | BOTTOM OF THE 2ND |
---|
Memphis Blues batting - Pitching for West Virginia Power : RHP Luis García | Batting: RHB Jonny Lord | 0-0: Called Strike 0-1: Ball 1-1: Called Strike 1-2: Fly out, F8 (Flyball, 8RM) | Batting: RHB Aaron Grizzle | 0-0: Ball 1-0: SINGLE (Line Drive, 6M) | Batting: RHB Artie Green | 0-0: Swinging Strike 0-1: Swinging Strike 0-2: Ball Wild Pitch! Aaron Grizzle to second 1-2: DOUBLE (Flyball, 89XD) Aaron Grizzle scores | Batting: RHB Dennis Mays | 0-0: Ball 1-0: Ball 2-0: Ground out 6-3 (Groundball, 6) Artie Green to third | Batting: RHB Salvador Mendoza | 0-0: Ball 1-0: Ground out 6-3 (Groundball, 6) | Bottom of the 2nd over - 1 run, 2 hits, 0 errors, 1 left on base; West Virginia 0 - Memphis 1 | TOP OF THE 3RD |
---|
West Virginia Power batting - Pitching for Memphis Blues : LHP António Dávila | Batting: LHB Jorge Luna | 0-0: Foul Ball, location: 2F 0-1: Called Strike 0-2: Strikes out swinging | Batting: RHB Vaughan Shelton | 0-0: Ball 1-0: Foul Ball, location: 2F 1-1: Called Strike 1-2: Ball 2-2: Foul Ball, location: 2F 2-2: Strikes out swinging | Batting: RHB Matt Tucker | 0-0: Ball 1-0: Foul Ball, location: 2F 1-1: Ball 2-1: Ball 3-1: Bunt for hit - play at first, batter OUT! 1-3 | Top of the 3rd over - 0 runs, 0 hits, 0 errors, 0 left on base; West Virginia 0 - Memphis 1 | BOTTOM OF THE 3RD |
---|
Memphis Blues batting - Pitching for West Virginia Power : RHP Luis García | Batting: RHB Leopoldo Horgan | 0-0: Ball 1-0: Swinging Strike 1-1: Ball 2-1: Swinging Strike 2-2: Strikes out swinging | Batting: RHB Jesús Sánchez | 0-0: Fly out, F6 (Popup, 6M) | Batting: LHB John Foster | 0-0: Foul Ball, location: 2F 0-1: Ball 1-1: Foul Ball, location: 2F 1-2: DOUBLE (Flyball, 8RXD) | Batting: LHB Weston Chaney | 0-0: Called Strike 0-1: Foul Ball, location: 2F 0-2: Ball 1-2: Ball 2-2: Strikes out swinging | Bottom of the 3rd over - 0 runs, 1 hit, 0 errors, 1 left on base; West Virginia 0 - Memphis 1 | TOP OF THE 4TH |
---|
West Virginia Power batting - Pitching for Memphis Blues : LHP António Dávila | Batting: RHB Julián Garza | 0-0: Called Strike 0-1: Called Strike 0-2: Strikes out swinging | Batting: RHB Cory Hester | 0-0: Ball 1-0: Ball 2-0: Called Strike 2-1: DOUBLE (Flyball, 78D) | Batting: RHB Joe Salas | 0-0: Ball 1-0: Called Strike 1-1: Ground out 1-3 (Groundball, 15S) | Batting: RHB Luis Quezada | 0-0: Fly out, F4 (Popup, 34) | Top of the 4th over - 0 runs, 1 hit, 0 errors, 1 left on base; West Virginia 0 - Memphis 1 | BOTTOM OF THE 4TH |
---|
Memphis Blues batting - Pitching for West Virginia Power : RHP Luis García | Batting: RHB Jonny Lord | 0-0: Ball 1-0: Called Strike 1-1: Foul Ball, location: 2F 1-2: SOLO HOME RUN (Flyball, 8LXD), Distance : 455 ft | Batting: RHB Aaron Grizzle | 0-0: Called Strike 0-1: Ball 1-1: Foul Ball, location: 2F 1-2: Strikes out swinging | Batting: RHB Artie Green | 0-0: Ball 1-0: Fly out, F9 (Flyball, 9LS) | Batting: RHB Dennis Mays | 0-0: Called Strike 0-1: Ball 1-1: Swinging Strike 1-2: Ball 2-2: Fly out, F7 (Line Drive, 7) | Bottom of the 4th over - 1 run, 1 hit, 0 errors, 0 left on base; West Virginia 0 - Memphis 2 | TOP OF THE 5TH |
---|
West Virginia Power batting - Pitching for Memphis Blues : LHP António Dávila | Batting: RHB Emory Brooks | 0-0: Swinging Strike 0-1: Foul Ball, location: 2F 0-2: Strikes out swinging, 2-3 out at first. | Batting: RHB Millard Walker | 0-0: Fly out, F8 (Flyball, 8LD) | Batting: LHB Jorge Luna | 0-0: Called Strike 0-1: Swinging Strike 0-2: Ball 1-2: SINGLE (Groundball, 6MD) | Batting: RHB Vaughan Shelton | 0-0: Ball 1-0: Called Strike 1-1: Fielders Choice at 2nd, 6-4 (Groundball, 6) | Top of the 5th over - 0 runs, 1 hit, 0 errors, 1 left on base; West Virginia 0 - Memphis 2 | BOTTOM OF THE 5TH |
---|
Memphis Blues batting - Pitching for West Virginia Power : RHP Luis García | Batting: RHB Salvador Mendoza | 0-0: Ball 1-0: Ball 2-0: Ball 3-0: Called Strike 3-1: Foul Ball, location: 2F 3-2: Foul Ball, location: 2F 3-2: Foul Ball, location: 2F 3-2: Foul Ball, location: 2F 3-2: SINGLE (Groundball, 56D) | Batting: RHB Leopoldo Horgan | 0-0: Called Strike 0-1: Ball 1-1: Called Strike 1-2: Fly out, F3 (Popup, 23F) | Batting: RHB Jesús Sánchez | 0-0: Ball 1-0: Called Strike 1-1: Called Strike 1-2: SINGLE (Flyball, 9LS) Salvador Mendoza to second Runner from 2nd tries for 3rd, SAFE, no throw | Batting: LHB John Foster | 0-0: Called Strike 0-1: Called Strike 0-2: Ball 1-2: Ground out 6-3 (Groundball, 6S) Salvador Mendoza scores Jesús Sánchez to second | Batting: LHB Weston Chaney | 0-0: Called Strike 0-1: Swinging Strike 0-2: 2-RUN HOME RUN (Flyball, 9D), Distance : 396 ft | Batting: RHB Jonny Lord | 0-0: Foul Ball, location: 2F 0-1: Swinging Strike 0-2: Ball 1-2: DOUBLE (Groundball, 5L) | Batting: RHB Aaron Grizzle | 0-0: Ball 1-0: Swinging Strike 1-1: Fly out, F6 (Popup, 6MD) | Bottom of the 5th over - 3 runs, 4 hits, 0 errors, 1 left on base; West Virginia 0 - Memphis 5 | TOP OF THE 6TH |
---|
West Virginia Power batting - Pitching for Memphis Blues : LHP António Dávila | Batting: RHB Matt Tucker | 0-0: Called Strike 0-1: Ground out 4-3 (Groundball, 34) | Batting: RHB Julián Garza | 0-0: Ball 1-0: Ball 2-0: Ball 3-0: Base on Balls | Batting: RHB Cory Hester | 0-0: Ball Throwing error on steal attempt, E2 Julián Garza to third 1-0: Ball 2-0: Fly out, F8 (Flyball, 8LXD) Runner from 3rd tags up, SCORES, no throw | Batting: RHB Joe Salas | 0-0: Ball 1-0: Ball 2-0: Fly out, F8 (Flyball, 8RM) | Top of the 6th over - 1 run, 0 hits, 1 error, 0 left on base; West Virginia 1 - Memphis 5 | BOTTOM OF THE 6TH |
---|
Memphis Blues batting - Pitching for West Virginia Power : RHP Luis García | Pitching: RHP Roberto Marino | | Batting: RHB Artie Green | 0-0: Swinging Strike 0-1: Hit by Pitch | Batting: RHB Dennis Mays | 0-0: Ground out 5-3 (Groundball, 5S) Artie Green to second | Batting: RHB Salvador Mendoza | 0-0: Ball 1-0: Ball 2-0: Swinging Strike 2-1: Called Strike 2-2: Ball 3-2: Fly out, F9 (Flyball, 89D) Runner from 2nd tags up, SAFE at 3rd, no throw | Batting: RHB Leopoldo Horgan | 0-0: Ball 1-0: Foul Ball, location: 2F 1-1: SINGLE (Flyball, 7LS) Artie Green scores | Batting: RHB Jesús Sánchez | 0-0: Ball 1-0: Ball 2-0: Called Strike 2-1: Ball 3-1: Fly out, F8 (Flyball, 8LS) | Bottom of the 6th over - 1 run, 1 hit, 0 errors, 1 left on base; West Virginia 1 - Memphis 6 | TOP OF THE 7TH |
---|
West Virginia Power batting - Pitching for Memphis Blues : LHP António Dávila | Batting: RHB Luis Quezada | 0-0: Called Strike 0-1: Ball 1-1: SINGLE (Line Drive, 6MD) | Batting: RHB Emory Brooks | 0-0: Called Strike 0-1: Ball 1-1: Ball 2-1: Grounds into double play, 6-4-3 (Groundball, 6) | Batting: RHB Millard Walker | 0-0: Fly out, F9 (Flyball, 89S) | Top of the 7th over - 0 runs, 1 hit, 0 errors, 0 left on base; West Virginia 1 - Memphis 6 | BOTTOM OF THE 7TH |
---|
Memphis Blues batting - Pitching for West Virginia Power : RHP Roberto Marino | Batting: LHB John Foster | 0-0: Called Strike 0-1: Fly out, F9 (Flyball, 9S) | Batting: LHB Weston Chaney | 0-0: Swinging Strike 0-1: Ball 1-1: Ball 2-1: Ground out 5-3 (Groundball, 5) | Batting: RHB Jonny Lord | 0-0: Ball 1-0: Called Strike 1-1: Ball 2-1: Foul Ball, location: 2F 2-2: SINGLE (Groundball, 6MD) | Batting: RHB Aaron Grizzle | 0-0: Ball 1-0: SINGLE (Groundball, 56D) Jonny Lord to second | Batting: RHB Artie Green | 0-0: Fielders Choice at 2nd, 6-4 (Groundball, 6) | Bottom of the 7th over - 0 runs, 2 hits, 0 errors, 2 left on base; West Virginia 1 - Memphis 6 | TOP OF THE 8TH |
---|
West Virginia Power batting - Pitching for Memphis Blues : LHP António Dávila | Now at 1B: Fernando Gutiérrez | | Batting: LHB Jorge Luna | 0-0: Called Strike 0-1: Ball 1-1: Ball 2-1: Foul Ball, location: 2F 2-2: Strikes out swinging | Batting: RHB Vaughan Shelton | 0-0: Called Strike 0-1: SINGLE (Groundball, 34D) | Batting: RHB Matt Tucker | 0-0: Ball 1-0: Called Strike 1-1: Ball 2-1: SINGLE (Line Drive, 56D) Vaughan Shelton to second | Batting: RHB Julián Garza | 0-0: Called Strike 0-1: DOUBLE (Line Drive, 89D) Vaughan Shelton scores Matt Tucker to third | Batting: RHB Cory Hester | 0-0: Ball 1-0: Ground out 6-3 (Groundball, 6) Matt Tucker scores Julián Garza to third | Batting: RHB Joe Salas | 0-0: Foul Ball, location: 2F 0-1: Ball 1-1: Foul Ball, location: 2F 1-2: Strikes out swinging | Top of the 8th over - 2 runs, 3 hits, 0 errors, 1 left on base; West Virginia 3 - Memphis 6 | BOTTOM OF THE 8TH |
---|
Memphis Blues batting - Pitching for West Virginia Power : RHP Roberto Marino | Batting: RHB Dennis Mays | 0-0: Ball 1-0: Fly out, F9 (Flyball, 89S) | Batting: RHB Salvador Mendoza | 0-0: Ball 1-0: Ground out U3 (Groundball, 34) | Batting: RHB Leopoldo Horgan | 0-0: Called Strike 0-1: Foul Ball, location: 2F 0-2: Ball 1-2: Foul Ball, location: 2F 1-2: Ball 2-2: Foul Ball, location: 2F 2-2: Ball 3-2: Foul Ball, location: 2F 3-2: Fly out, F8 (Flyball, 8RM) | Bottom of the 8th over - 0 runs, 0 hits, 0 errors, 0 left on base; West Virginia 3 - Memphis 6 | TOP OF THE 9TH |
---|
West Virginia Power batting - Pitching for Memphis Blues : LHP António Dávila | Batting: RHB Luis Quezada | 0-0: Ball 1-0: Called Strike 1-1: Ball 2-1: Swinging Strike 2-2: Ball 3-2: Base on Balls | Batting: RHB Emory Brooks | 0-0: Ball 1-0: Foul Ball, location: 2F 1-1: Swinging Strike 1-2: Foul Ball, location: 2F 1-2: Grounds into double play, 6-4-3 (Groundball, 6D) | Batting: RHB Millard Walker | 0-0: Ball 1-0: Fly out, F8 (Flyball, 8RM) | Top of the 9th over - 0 runs, 0 hits, 0 errors, 0 left on base; West Virginia 3 - Memphis 6 | |